[Event "ICCopen2016"]
[Site "Internet Chess Club"]
[Date "2016.06.04"]
[Round "4"]
[White "BlitzorDDD"]
[Black "Visam"]
[Result "1-0"]
[ICCResult "Black forfeits on time"]
[WhiteElo "2997"]
[BlackElo "2804"]
[Opening "English, Kramnik-Shirov counterattack"]
[ECO "A21"]
[NIC "EO.23"]
[Time "14:34:55"]
[TimeControl "180+0"]

1. c4 e5 2. Nc3 Bb4 3. Nd5 Bc5 4. e3 c6 5. Nc3 Nf6 6. d4 exd4 7. exd4 Qe7+
8. Be2 Bb4 9. Nf3 Ne4 10. Bd2 Bxc3 11. bxc3 d6 12. O-O O-O 13. Re1 Nxd2 14.
Nxd2 Nd7 15. Bd3 Qh4 16. Re4 Qh6 17. Nf3 g6 18. Re7 Nf6 19. Qd2 Qxd2 20.
Nxd2 Rd8 21. Rae1 Kf8 22. h3 Rb8 23. R7e3 Re8 24. g4 Bd7 25. Kh2 Rxe3 26.
fxe3 d5 27. cxd5 Nxd5 28. c4 Nb4 29. Bb1 c5 30. d5 b5 31. e4 f6 32. g5 fxg5
33. e5 Be8 34. e6 Ke7 35. a3 Na6 36. Ne4 bxc4 37. d6+ Kxe6 38. Nxc5+ Kxd6
39. Nxa6 Rb2+ 40. Kg3 Bc6 41. Be4 Rb3+ 42. Kg4 Bxe4 43. Rxe4 Rxa3 44. Nb4
Kc5 45. Nc2 h5+ 46. Kxg5 Rxh3 47. Ne3 c3 48. Rc4+ Kb5 49. Rxc3 Rg3+ 50. Kf4
Rg1 51. Nd5 g5+ 52. Ke4 h4 53. Rb3+ Kc4 54. Rc3+ Kb5 55. Rb3+ Kc4 56. Rb7 h3
57. Ne3+ Kc5 58. Rc7+ Kd6 59. Rh7 g4 60. Rh6+ Kc5 61. Rh5+ Kb4 62. Kf4 a5
63. Nxg4 a4 64. Rxh3 a3 65. Ne3 a2 66. Nc2+ Kc4 67. Ra3 Rc1 68. Ne3+ Kb4 69.
Rxa2 Kb3 70. Rf2 Rc8 71. Ke4 Kb4 72. Kd3 {Black forfeits on time} 1-0

[Event "ICCopen2016"]
[Site "Internet Chess Club"]
[Date "2016.06.04"]
[Round "4"]
[White "hhex"]
[Black "nadalthegreat"]
[Result "0-1"]
[ICCResult "White forfeits on time"]
[WhiteElo "1629"]
[BlackElo "1921"]
[Opening "Modern defense"]
[ECO "A40"]
[NIC "QO.17"]
[Time "14:34:51"]
[TimeControl "180+0"]

1. d4 g6 2. c4 Bg7 3. g3 c5 4. d5 Qb6 5. Qc2 d6 6. Bg2 Bf5 7. e4 Bd7 8. Nf3
Nf6 9. O-O O-O 10. Nc3 Na6 11. a3 e6 12. dxe6 Bxe6 13. Nd5 Bxd5 14. exd5
Rfe8 15. Bf4 Ne4 16. Rab1 Nf6 17. Ng5 h6 18. Ne4 Nxe4 19. Bxe4 f5 20. Bg2
Qc7 21. Rfe1 Qf7 22. b4 Rad8 23. Rxe8+ Rxe8 24. b5 Nc7 25. Bxd6 Qd7 26. Bxc5
b6 27. Be3 Qe7 28. Re1 Qxa3 29. d6 Ne6 30. d7 Rd8 31. Bc6 Nf8 32. Rd1 Qe7
33. Qd3 Kh8 34. h4 h5 35. Bd4 Bxd4 36. Qxd4+ Qg7 37. Qxg7+ Kxg7
{White forfeits on time}
0-1

[Event "ICCopen2016"]
[Site "Internet Chess Club"]
[Date "2016.06.04"]
[Round "4"]
[White "TIGRANO"]
[Black "MorningRunner"]
[Result "1-0"]
[ICCResult "Black forfeits on time"]
[WhiteElo "3131"]
[BlackElo "2151"]
[Opening "Benko's opening"]
[ECO "A00"]
[NIC "VO.09"]
[Time "14:35:01"]
[TimeControl "180+0"]

1. g3 d5 2. Bg2 c6 3. Nf3 Nf6 4. O-O Bf5 5. d3 e6 6. Nh4 Bg6 7. Nd2 Bd6 8.
e4 Bc7 9. Qe2 Nbd7 10. Nxg6 hxg6 11. d4 Nb6 12. c3 Qe7 13. a4 O-O 14. a5 Nc8
15. e5 Nd7 16. b4 b6 17. axb6 Ncxb6 18. h4 Rfb8 19. h5 gxh5 20. Qxh5 Nf8 21.
Nf3 Nbd7 22. Bg5 Qe8 23. Be3 a5 24. bxa5 Rxa5 25. Rab1 Rab5 26. Rxb5 Rxb5
27. Ng5 c5 28. Bf3 Ba5 29. Kg2 Bxc3 30. Rh1 Ng6 31. Qh7+ Kf8 32. Bh5 cxd4
33. Bxg6 dxe3 34. Bxf7 Qb8 35. Nxe6+ Kxf7 36. Qxg7+ Kxe6 37. Rh6+ Kf5 38.
Qxd7+ Ke4 39. e6 exf2 40. Rh4+ Ke3 41. Rf4 Qxf4 42. gxf4 Rb1 43. Qa7+ d4 44.
Qa6 Rg1+ 45. Kh2 f1=Q 46. Qxf1 Rxf1 47. e7 Rf2+ 48. Kg1 Rxf4 49. e8=Q+ Re4
50. Qc6 Kd3 51. Qg6 Ke3 52. Kf1 Kd3 53. Kf2 Kc4 54. Qxe4 Kb3 55. Ke2 Kb2 56.
Kd3 Kb3 57. Qd5+ Kb4 58. Qc4+ Ka5 59. Qb3 Ka6 60. Kc4 Ba5 61. Kd5 Bb6 62.
Kc6 {Black forfeits on time} 1-0

[Event "ICCopen2016"]
[Site "Internet Chess Club"]
[Date "2016.06.04"]
[Round "4"]
[White "Parsifal"]
[Black "yucatan3000"]
[Result "1-0"]
[ICCResult "Black forfeits on time"]
[WhiteElo "2339"]
[BlackElo "1758"]
[Opening "Philidor's defense"]
[ECO "C41"]
[NIC "KP.10"]
[Time "14:34:57"]
[TimeControl "180+0"]

1. e4 e5 2. Nf3 d6 3. Bc4 Be7 4. d4 exd4 5. Nxd4 Nf6 6. Nc3 O-O 7. Bb3 a6 8.
Qf3 b5 9. e5 dxe5 10. Ndxb5 e4 11. Nxe4 Bb4+ 12. Nec3 c6 13. Na3 Bg4 14. Qd3
Qe7+ 15. Be3 Rd8 16. Qc4 Be6 17. Qh4 Bxc3+ 18. bxc3 Qxa3 19. O-O Qe7 20.
Rad1 Nbd7 21. Rfe1 Bxb3 22. axb3 Re8 23. Kf1 Qe4 24. Qxe4 Rxe4 25. Rd6 c5
26. Ra1 a5 27. h3 Re6 28. Rdd1 Rea6 29. Ra4 h6 30. c4 Nb6 31. Ra2 a4 32.
Rda1 a3 33. Bxc5 Ne4 34. Bd4 Nd7 35. f3 Nef6 36. Kf2 Ne8 37. b4 Nd6 38. c5
Nb5 39. Ke3 Nxd4 40. Kxd4 Nb8 41. Kc4 Nc6 42. c3 Ne5+ 43. Kb3 Nd3 44. Rxa3
Rxa3+ 45. Rxa3 Rb8 46. Kc4 Ne5+ 47. Kd5 Nd7 48. Kd6 Nf6 49. c6 Rd8+ 50. Kc5
Rd5+ 51. Kc4 Rd6 52. Ra8+ Kh7 53. b5 Re6 54. c7 Re3 55. c8=Q Kg6 56. Qe6
Rxe6 57. b6 Re8 58. Rxe8 Nxe8 59. Kc5 Nd6 60. Kxd6 f5 61. b7 Kh5 62. b8=Q g5
63. Qe8+ Kh4 64. Qe5 {Black forfeits on time} 1-0

[Event "ICCopen2016"]
[Site "Internet Chess Club"]
[Date "2016.06.04"]
[Round "4"]
[White "Fighterman"]
[Black "Sibelephant"]
[Result "0-1"]
[ICCResult "White forfeits on time"]
[WhiteElo "2552"]
[BlackElo "3123"]
[Opening "Sicilian: Najdorf, 6.Bg5"]
[ECO "B94"]
[NIC "SI.04"]
[Time "14:35:58"]
[TimeControl "180+0"]

1. e4 c5 2. Nf3 d6 3. d4 cxd4 4. Nxd4 Nf6 5. Nc3 a6 6. Bg5 Nbd7 7. Qe2 h6 8.
Bh4 Qc7 9. f4 e5 10. Nf5 exf4 11. O-O-O g5 12. Bf2 Ne5 13. h4 Bxf5 14. exf5
Bg7 15. Kb1 O-O-O 16. hxg5 hxg5 17. Rxh8 Rxh8 18. Qd2 Rd8 19. Nd5 Nxd5 20.
Qxd5 Qc6 21. Qb3 d5 22. Bd4 f6 23. a4 Bf8 24. Be2 Bc5 25. c3 Kb8 26. Bf3
Nxf3 27. gxf3 Bxd4 28. Rxd4 Qd7 29. Qb6 Qxf5+ 30. Ka2 Rd7 31. Qc5 Qe6 32. b4
Qd6 33. Qxd6+ Rxd6 34. c4 Kc7 35. cxd5 Rd8 36. Kb3 Kd6 37. Rd3 Re8 38. Kc4
Re3 39. Rd4 Rxf3 40. Re4 Re3 41. Rd4 f3 42. Rd2 g4 43. Rh2 g3 44. Rh6 g2 45.
Rxf6+ Ke7 46. Rg6 f2 47. Kc5 f1=Q 48. Rg7+ Kf6 {White forfeits on time} 0-1

[Event "ICCopen2016"]
[Site "Internet Chess Club"]
[Date "2016.06.04"]
[Round "4"]
[White "dhar2603"]
[Black "gannikus1992"]
[Result "0-1"]
[ICCResult "White forfeits on time"]
[WhiteElo "1851"]
[BlackElo "2223"]
[Opening "English opening"]
[ECO "A20"]
[NIC "EO.24"]
[Time "14:34:06"]
[TimeControl "180+0"]

1. c4 e5 2. g3 f5 3. d4 exd4 4. Qxd4 Nc6 5. Qe3+ Be7 6. Bg2 Nf6 7. Nc3 O-O
8. Nh3 Re8 9. O-O a5 10. Qd3 d6 11. b3 Ne5 12. Qd2 c6 13. Bb2 Qc7 14. Rac1
Bf8 15. Rfd1 h6 16. Nf4 g5 17. Nd3 Be6 18. Nd5 Qf7 19. Nxf6+ Qxf6 20. f4 Bf7
21. fxe5 dxe5 22. Kh1 Rad8 23. Qxa5 Bd6 24. Nxe5 Bxe5 25. Rxd8 Bxb2 26.
Rxe8+ Bxe8 27. Rf1 Be5 28. Qa8 Qe7 29. Qb8 Bxb8 30. Bf3 g4 31. Bg2 Qxe2 32.
Kg1 Ba7+ 33. Kh1 Bf7 34. h4 Bf2 35. Kh2 f4 36. gxf4 g3+ 37. Kh3 Be6+
{White forfeits on time}
0-1

[Event "ICCopen2016"]
[Site "Internet Chess Club"]
[Date "2016.06.04"]
[Round "4"]
[White "daskapitallesen"]
[Black "redbeargame"]
[Result "1-0"]
[ICCResult "Black checkmated"]
[WhiteElo "1796"]
[BlackElo "1425"]
[Opening "QGD: 3.Nc3"]
[ECO "D31"]
[NIC "QO.17"]
[Time "14:37:16"]
[TimeControl "180+0"]

1. d4 e6 2. c4 d5 3. Nc3 dxc4 4. e4 Be7 5. Bxc4 Bd7 6. Be3 a6 7. Nf3 h6 8.
O-O Nf6 9. e5 Nh7 10. Bd3 Bc6 11. Bc2 Ng5 12. Nxg5 Bxg5 13. f4 Bh4 14. g3
Be7 15. Qd3 f6 16. Qg6+ Kf8 17. Ne4 f5 18. Nc3 Qe8 19. Qxe6 Nd7 20. Qxf5+
Kg8 21. Bb3+ Qf7 22. Bxf7+ Kf8 23. Bg6+ Nf6 24. exf6 Bxf6 25. Qe6 Be8 26. f5
Rd8 27. Bf2 Rd6 28. Qc4 c6 29. Rae1 Bxg6 30. fxg6 Rd7 31. Be3 Ke8 32. Bg5+
Kd8 33. Bxf6+ gxf6 34. Rxf6 Kc7 35. Rf7 Rd8 36. Rxd7+ Rxd7 37. Qf7 Rxf7 38.
gxf7 Kb6 39. f8=Q Ka7 40. Qc5+ b6 41. Re7+ Kb8 42. Qxc6 b5 43. Qb7#
{Black checkmated}
1-0

[Event "ICCopen2016"]
[Site "Internet Chess Club"]
[Date "2016.06.04"]
[Round "4"]
[White "ShadowLike"]
[Black "Shafkat"]
[Result "1-0"]
[ICCResult "Black forfeits on time"]
[WhiteElo "1943"]
[BlackElo "1642"]
[Opening "Evans gambit"]
[ECO "C52"]
[NIC "IG.05"]
[Time "14:35:18"]
[TimeControl "180+0"]

1. e4 e5 2. Nf3 Nc6 3. Bc4 Bc5 4. b4 Bxb4 5. c3 Ba5 6. d4 exd4 7. O-O Nf6 8.
cxd4 O-O 9. e5 d5 10. Bd3 Ne4 11. h3 Bf5 12. Ba3 Re8 13. Bb5 a6 14. Bxc6
bxc6 15. Nbd2 Nxd2 16. Nxd2 Qg5 17. f4 Qg6 18. g4 Bxd2 19. Qxd2 Be4 20. Kh2
h6 21. Rac1 Rab8 22. f5 Qg5 23. Qxg5 hxg5 24. Rxc6 Rb6 25. Rxb6 cxb6 26. Rc1
a5 27. Rc6 b5 28. Bc5 Bb1 29. a3 Rb8 30. Bd6 Rd8 31. Bc7 Rc8 32. Re6 Rxc7
33. Re8+ Kh7 34. e6 fxe6 35. fxe6 b4 36. axb4 axb4 37. Rb8 Re7 38. Rxb4 Be4
39. Rb6 Bc2 40. Kg3 Be4 41. h4 gxh4+ 42. Kxh4 Kg6 43. g5 Kf5 44. Kh5 Rxe6
45. Rb8 g6+ 46. Kh6 Bg2 47. Rf8+ Ke4 48. Rf2 Bf3 49. Rd2 Rc6 50. Kg7 Rc4 51.
Kxg6 {Black forfeits on time} 1-0

[Event "ICCopen2016"]
[Site "Internet Chess Club"]
[Date "2016.06.04"]
[Round "4"]
[White "kofigan"]
[Black "alexandros"]
[Result "0-1"]
[ICCResult "White forfeits on time"]
[WhiteElo "1173"]
[BlackElo "1622"]
[Opening "QP counter-gambit (elephant gambit)"]
[ECO "C40"]
[NIC "KP.10"]
[Time "14:36:47"]
[TimeControl "180+0"]

1. e4 e5 2. Nf3 d5 3. exd5 e4 4. Ng1 Nf6 5. Nc3 Bc5 6. h3 O-O 7. Nge2 c6 8.
Na4 Bd6 9. dxc6 Nxc6 10. Nac3 Re8 11. Ng3 Qa5 12. Nf5 Bf8 13. Ne3 Be6 14. d3
Rad8 15. Bd2 Qc7 16. Be2 exd3 17. Bxd3 Ne5 18. Qe2 Rc8 19. O-O a6 20. Ne4
Qd7 21. Nxf6+ gxf6 22. Bc3 Rxc3 23. bxc3 Bxh3 24. f3 Ng6 25. Qf2 Bc5 26.
Rae1 Qe7 27. gxh3 Bxe3 28. Rxe3 Qxe3 29. Qxe3 Rxe3 30. Bxg6 fxg6 31. Kf2
Rxc3 32. Rd1 Rxc2+ 33. Ke3 Rb2 34. Rd8+ Kg7 35. Rd7+ Kh6 36. Rd4 Rxa2 37.
Rh4+ Kg7 38. Rb4 Ra3+ 39. Kf2 b5 40. Rd4 Ra2+ 41. Kg3 Ra4 42. Rd7+ Kh6 43.
Rd6 f5 {White forfeits on time} 0-1

[Event "ICCopen2016"]
[Site "Internet Chess Club"]
[Date "2016.06.04"]
[Round "4"]
[White "Ecuadorian"]
[Black "Hell-Rell"]
[Result "0-1"]
[ICCResult "White forfeits on time"]
[WhiteElo "1734"]
[BlackElo "2171"]
[Opening "Sicilian: Alapin's variation (2.c3)"]
[ECO "B22"]
[NIC "SI.46"]
[Time "14:38:04"]
[TimeControl "180+0"]

1. e4 c5 2. c3 Nf6 3. e5 Nd5 4. Nf3 Nc6 5. Bc4 e6 6. O-O d6 7. d4 cxd4 8.
cxd4 Be7 9. exd6 Qxd6 10. Nc3 O-O 11. Ne4 Qd8 12. a3 Bf6 13. Nxf6+ Qxf6 14.
Bg5 Qg6 15. Bd3 Qh5 16. Rc1 h6 17. Bd2 Bd7 18. Qe2 Rac8 19. Rc5 Nce7 20. b4
b6 21. Rxc8 Rxc8 22. Ne5 Qxe2 23. Bxe2 Be8 24. Bd3 f6 25. Nf3 Ba4 26. Re1
Kf7 27. g4 Bc2 28. Ba6 Rc7 29. h4 Bh7 30. g5 hxg5 31. hxg5 Nf5 32. Kg2 Bg6
33. Rh1 Nd6 34. Nh4 b5 35. Nxg6 Kxg6 36. a4 bxa4 37. b5 Rc2 38. Rd1 fxg5 39.
Kf3 Nf5 40. Ke2 Nc3+ 41. Kd3 Nxd1 42. Kxc2 Nxf2 43. Be1 Ne4 44. Kd3 Ned6 45.
Kc3 g4 46. Kb4 g3 {White forfeits on time} 0-1

[Event "ICCopen2016"]
[Site "Internet Chess Club"]
[Date "2016.06.04"]
[Round "5"]
[White "rovov"]
[Black "crazybishop779"]
[Result "1-0"]
[ICCResult "Black resigns"]
[WhiteElo "1736"]
[BlackElo "1371"]
[Opening "Réti opening"]
[ECO "A04"]
[NIC "QP.11"]
[Time "14:44:19"]
[TimeControl "180+0"]

1. Nf3 Nc6 2. c4 d5 3. cxd5 Qxd5 4. Nc3 Qd6 5. d4 e5 6. dxe5 Nxe5 7. Nxe5
Qxe5 8. e3 Bb4 9. Bd2 Be6 10. Qa4+ c6 11. Qxb4 Rb8 12. Bc4 Nf6 13. Bxe6 Qxe6
14. O-O {Black resigns} 1-0

[Event "ICCopen2016"]
[Site "Internet Chess Club"]
[Date "2016.06.04"]
[Round "5"]
[White "Tova77"]
[Black "drsigmund1"]
[Result "1-0"]
[ICCResult "Black checkmated"]
[WhiteElo "1615"]
[BlackElo "1290"]
[Opening "French: exchange variation"]
[ECO "C01"]
[NIC "FR.01"]
[Time "14:44:30"]
[TimeControl "180+0"]

1. e4 e6 2. d4 d5 3. exd5 exd5 4. Nf3 Nc6 5. Bd3 Bg4 6. O-O Qd7 7. h3 Bh5 8.
g4 Bg6 9. Re1+ Be7 10. Bb5 O-O-O 11. Ne5 Qd6 12. Nxc6 bxc6 13. Ba6+ Kb8 14.
Qf3 Nf6 15. Bf4 Qd7 16. Qb3+ Ka8 17. Qb7# {Black checkmated} 1-0

[Event "ICCopen2016"]
[Site "Internet Chess Club"]
[Date "2016.06.04"]
[Round "5"]
[White "chessasuke91"]
[Black "cyborg86"]
[Result "1-0"]
[ICCResult "Black resigns"]
[WhiteElo "2705"]
[BlackElo "1998"]
[Opening "French: Winawer (Nimzovich) variation"]
[ECO "C15"]
[NIC "FR.08"]
[Time "14:44:38"]
[TimeControl "180+0"]

1. e4 e6 2. d4 d5 3. Nc3 Bb4 4. exd5 exd5 5. Bd3 Nf6 6. a3 Bxc3+ 7. bxc3 O-O
8. Ne2 Nbd7 9. O-O Nb6 10. a4 a5 11. Ng3 Bg4 12. f3 Bd7 13. Bg5 h6 14. Bf4
Nxa4 15. Qd2 Nh7 16. Nh5 Nb2 17. Bxh6 Nxd3 18. Bxg7 Nb2 19. Qh6 Qg5 20. Nf6+
{Black resigns}
1-0

[Event "ICCopen2016"]
[Site "Internet Chess Club"]
[Date "2016.06.04"]
[Round "5"]
[White "Bartof"]
[Black "YKQ"]
[Result "0-1"]
[ICCResult "White resigns"]
[WhiteElo "1941"]
[BlackElo "2551"]
[Opening "Trompowsky attack (Ruth, Opocenský opening)"]
[ECO "A45"]
[NIC "QP.07"]
[Time "14:45:00"]
[TimeControl "180+0"]

1. d4 Nf6 2. Bg5 Ne4 3. Bf4 c5 4. e3 Qb6 5. Qc1 cxd4 6. Nf3 dxe3 7. Bxe3 Qc7
8. Bd3 d5 9. O-O Nc6 10. Bxe4 dxe4 11. Ng5 Bf5 12. Nc3 e6 13. Ngxe4 Be7 14.
Ng3 Bg6 15. a3 O-O 16. Rd1 Rad8 17. Rxd8 Rxd8 18. Qe1 a6 19. Rd1 Bxc2 20.
Rxd8+ Qxd8 21. h3 h6 22. Qe2 Qd3 23. Qf3 Bf6 24. Bxh6 Qxf3 {White resigns}
0-1

[Event "ICCopen2016"]
[Site "Internet Chess Club"]
[Date "2016.06.04"]
[Round "5"]
[White "Rammstein"]
[Black "Sc6"]
[Result "1-0"]
[ICCResult "Black resigns"]
[WhiteElo "2166"]
[BlackElo "1806"]
[Opening "Queen's pawn: London system"]
[ECO "A45"]
[NIC "QP.07"]
[Time "14:43:46"]
[TimeControl "180+0"]

1. d4 Nf6 2. Bf4 g6 3. Nc3 Bg7 4. e4 d6 5. Qd2 O-O 6. O-O-O Nbd7 7. h4 c5 8.
d5 Qa5 9. Kb1 a6 10. h5 Nxh5 11. Bh6 b5 12. Bxg7 Nxg7 13. Qh6 Nh5 14. g4
Ndf6 15. gxh5 Nxh5 16. Be2 Nf6 17. e5 dxe5 18. Ne4 Rd8 19. Nxf6+ exf6 20.
Qxh7+ Kf8 21. d6 Rxd6 22. Rxd6 Bb7 23. Qh8+ Ke7 24. Qxf6+ {Black resigns}
1-0

[Event "ICCopen2016"]
[Site "Internet Chess Club"]
[Date "2016.06.04"]
[Round "5"]
[White "alexandros"]
[Black "hedgie"]
[Result "0-1"]
[ICCResult "White resigns"]
[WhiteElo "1620"]
[BlackElo "2073"]
[Opening "Old Benoni defense"]
[ECO "A43"]
[NIC "OI.09"]
[Time "14:44:21"]
[TimeControl "180+0"]

1. d4 c5 2. d5 d6 3. Nc3 e5 4. dxe6 Bxe6 5. e4 a6 6. a4 Nc6 7. f4 g6 8. Nf3
Bg7 9. Be2 h6 10. O-O Nge7 11. Qe1 O-O 12. Qh4 f5 13. Kh1 Nd4 14. Nxd4 cxd4
15. Nd1 fxe4 16. b3 Nf5 17. Qxd8 Rfxd8 18. g4 Ne7 19. Bb2 Nc6 20. f5 gxf5
21. gxf5 Bd5 22. f6 Bf8 23. Rg1+ Kh7 24. Nf2 e3+ {White resigns} 0-1

[Event "ICCopen2016"]
[Site "Internet Chess Club"]
[Date "2016.06.04"]
[Round "5"]
[White "kingsac"]
[Black "dafresh"]
[Result "0-1"]
[ICCResult "White resigns"]
[WhiteElo "1823"]
[BlackElo "2221"]
[Opening "French: exchange variation"]
[ECO "C01"]
[NIC "FR.01"]
[Time "14:43:59"]
[TimeControl "180+0"]

1. e4 e6 2. d4 d5 3. exd5 exd5 4. c4 Nf6 5. Nc3 Bb4 6. Bd3 O-O 7. Ne2 dxc4
8. Bxc4 c6 9. O-O Nbd7 10. a3 Bd6 11. b4 a5 12. b5 Nb6 13. Bd3 Bg4 14. f3
Bh5 15. bxc6 bxc6 16. Kh1 Bg6 17. Nf4 Bxf4 18. Bxf4 Qxd4 19. Bxg6 Qxf4 20.
Be4 Rad8 21. Qc1 Qxc1 22. Raxc1 Nbd5 23. Bb1 Ne3 24. Rf2 Rd4 25. Ne2 Rd2 26.
Kg1 Rfd8 27. Nf4 Rd1+ 28. Rf1 Rxf1+ 29. Rxf1 Nxf1 {White resigns} 0-1

[Event "ICCopen2016"]
[Site "Internet Chess Club"]
[Date "2016.06.04"]
[Round "5"]
[White "Sebs"]
[Black "pablopizarro"]
[Result "1-0"]
[ICCResult "Black resigns"]
[WhiteElo "2986"]
[BlackElo "1953"]
[Opening "Dutch with c4 & Nc3"]
[ECO "A85"]
[NIC "HD.05"]
[Time "14:44:11"]
[TimeControl "180+0"]

1. d4 f5 2. c4 Nf6 3. Nc3 e6 4. g3 Bb4 5. Bg2 d6 6. Qa4+ Nc6 7. Bxc6+ bxc6
8. Qxb4 a5 9. Qa4 Bd7 10. Nf3 c5 11. Qc2 cxd4 12. Nxd4 O-O 13. O-O Ng4 14.
h3 Ne5 15. b3 c5 16. Nf3 Nxf3+ 17. exf3 Bc6 18. Qe2 Qd7 19. Re1 Rae8 20. Ba3
f4 21. g4 Qb7 22. Kg2 h5 23. Rad1 hxg4 24. hxg4 Rf6 25. Rxd6 Rg6 26. Rxc6
Qxc6 27. Qe4 Qd7 28. Qxg6 {Black resigns} 1-0

[Event "ICCopen2016"]
[Site "Internet Chess Club"]
[Date "2016.06.04"]
[Round "5"]
[White "takes-takes"]
[Black "Eros"]
[Result "0-1"]
[ICCResult "White resigns"]
[WhiteElo "815"]
[BlackElo "2720"]
[Opening "French: Winawer, advance variation"]
[ECO "C16"]
[NIC "FR.09"]
[Time "14:44:10"]
[TimeControl "180+0"]

1. e4 e6 2. d4 d5 3. Nc3 Bb4 4. e5 Ne7 5. Bd2 O-O 6. a3 Bxc3 7. bxc3 b6 8.
Bd3 Ba6 9. Nf3 Bxd3 10. cxd3 c5 11. Bg5 Nbc6 12. h4 cxd4 13. cxd4 Qd7 14. h5
h6 15. Bh4 Nf5 16. Qd2 Ncxd4 17. Nxd4 Nxd4 18. Qc3 Qa4 19. O-O Ne2+
{White resigns}
0-1

[Event "ICCopen2016"]
[Site "Internet Chess Club"]
[Date "2016.06.04"]
[Round "5"]
[White "welshnajdorf"]
[Black "waynehatcher"]
[Result "0-1"]
[ICCResult "White resigns"]
[WhiteElo "1798"]
[BlackElo "1582"]
[Opening "Pirc defense"]
[ECO "B07"]
[NIC "PU.07"]
[Time "14:44:30"]
[TimeControl "180+0"]

1. e4 d6 2. d4 Nf6 3. Nc3 g6 4. Be3 Bg7 5. Qd2 Ng4 6. Bg5 h6 7. Bh4 g5 8.
Bg3 f5 9. Be2 f4 10. f3 Ne3 11. Bf2 Nxg2+ 12. Kf1 Ne3+ 13. Bxe3 fxe3 14.
Qxe3 O-O 15. Ke1 Nc6 16. Bc4+ Kh8 17. Nge2 e5 18. d5 Nd4 19. Kd2 Rxf3 20.
Qg1 Qf8 21. h4 g4 22. Rf1 Bd7 23. Ng3 Rxf1 24. Nxf1 Nf3+ {White resigns} 0-1

[Event "ICCopen2016"]
[Site "Internet Chess Club"]
[Date "2016.06.04"]
[Round "5"]
[White "Art"]
[Black "ALexiz"]
[Result "1-0"]
[ICCResult "Black checkmated"]
[WhiteElo "2178"]
[BlackElo "1825"]
[Opening "Sicilian: Alapin's variation (2.c3)"]
[ECO "B22"]
[NIC "SI.46"]
[Time "14:44:28"]
[TimeControl "180+0"]

1. e4 c5 2. c3 d5 3. exd5 Qxd5 4. d4 e6 5. Nf3 Nf6 6. Be3 cxd4 7. cxd4 Nc6
8. Nc3 Qd8 9. a3 Be7 10. Bd3 O-O 11. O-O a6 12. Qe2 b5 13. Rad1 Bb7 14. Rfe1
Nd5 15. Bc1 Bf6 16. Qe4 g6 17. Bh6 Re8 18. Qg4 Bg7 19. Bxg7 Kxg7 20. Ne4 h6
21. Nc5 Rb8 22. Nxe6+ fxe6 23. Qxg6+ Kf8 24. Qxh6+ Kf7 25. Qh7+ Kf8 26. Bg6
Qe7 27. Qh8# {Black checkmated} 1-0

[Event "ICCopen2016"]
[Site "Internet Chess Club"]
[Date "2016.06.04"]
[Round "5"]
[White "BlueGoose"]
[Black "Kjaan1974"]
[Result "1-0"]
[ICCResult "Black resigns"]
[WhiteElo "1683"]
[BlackElo "1391"]
[Opening "Queen's gambit accepted"]
[ECO "D20"]
[NIC "QG.03"]
[Time "14:45:16"]
[TimeControl "180+0"]

1. d4 d5 2. c4 dxc4 3. e3 c6 4. Bxc4 e6 5. Ne2 Bb4+ 6. Nbc3 Nf6 7. O-O O-O
8. f4 b5 9. Bb3 a5 10. Qd3 Na6 11. e4 a4 12. Bc2 g6 13. f5 exf5 14. exf5
Bxf5 15. Rxf5 gxf5 16. Qxf5 Re8 17. Bh6 Rxe2 18. Qg5+ {Black resigns} 1-0

[Event "ICCopen2016"]
[Site "Internet Chess Club"]
[Date "2016.06.04"]
[Round "5"]
[White "SIRPALADIN"]
[Black "Parsifal"]
[Result "0-1"]
[ICCResult "White resigns"]
[WhiteElo "1905"]
[BlackElo "2341"]
[Opening "Benkö gambit: Zaitsev system"]
[ECO "A57"]
[NIC "BI.44"]
[Time "14:45:11"]
[TimeControl "180+0"]

1. d4 c5 2. d5 Nf6 3. c4 b5 4. cxb5 a6 5. Nc3 axb5 6. e4 b4 7. Nb5 d6 8. Bf4
g5 9. Be3 Bg7 10. Bd3 h6 11. f3 Nbd7 12. Ne2 Ne5 13. a4 bxa3 14. Rxa3 Rxa3
15. bxa3 Qa5+ 16. Kf2 c4 {White resigns} 0-1

[Event "ICCopen2016"]
[Site "Internet Chess Club"]
[Date "2016.06.04"]
[Round "5"]
[White "depressnyak"]
[Black "mdrasko"]
[Result "1-0"]
[ICCResult "Black resigns"]
[WhiteElo "3136"]
[BlackElo "2456"]
[Opening "French: advance, Paulsen attack"]
[ECO "C02"]
[NIC "FR.03"]
[Time "14:44:10"]
[TimeControl "180+0"]

1. e4 e6 2. d4 d5 3. e5 c5 4. c3 Nc6 5. Nf3 Nge7 6. Na3 Nf5 7. Nc2 Be7 8.
Bd3 cxd4 9. cxd4 Nb4 10. Nxb4 Bxb4+ 11. Bd2 Qb6 12. Bxb4 Qxb4+ 13. Qd2 Qxd2+
14. Kxd2 Ne7 15. b4 h6 16. h4 Bd7 17. Rhc1 Kd8 18. b5 Rc8 19. a4 f6 20. Ke3
Be8 21. Rxc8+ Kxc8 22. Rc1+ Kb8 23. Kd2 Bh5 24. exf6 gxf6 25. Re1 Bf7 26. g4
Rg8 27. Rg1 Kc7 28. g5 hxg5 29. hxg5 Bh5 30. gxf6 Re8 31. Ne5 Nc8 32. Rg7+
{Black resigns}
1-0

[Event "ICCopen2016"]
[Site "Internet Chess Club"]
[Date "2016.06.04"]
[Round "5"]
[White "saira"]
[Black "MasterZachary"]
[Result "0-1"]
[ICCResult "White resigns"]
[WhiteElo "1769"]
[BlackElo "2138"]
[Opening "Two knights defense (Modern bishop's opening)"]
[ECO "C55"]
[NIC "IG.01"]
[Time "14:43:53"]
[TimeControl "180+0"]

1. e4 e5 2. Nf3 Nc6 3. Bc4 Nf6 4. d3 Be7 5. c3 O-O 6. Bb3 d5 7. Qe2 Bg4 8.
h3 Bh5 9. Bg5 d4 10. c4 h6 11. Bc1 Nd7 12. g4 Bg6 13. h4 h5 14. g5 Nc5 15.
Bc2 f5 16. Nfd2 fxe4 17. Nxe4 Bxe4 18. dxe4 d3 19. Qxh5 dxc2 20. g6 Qd1+ 21.
Qxd1 cxd1=Q+ 22. Kxd1 Rxf2 23. Nc3 Rd8+ 24. Nd5 Nxe4 25. Ke1 Bb4+ 26. Kd1
Ne7 27. a3 Nxd5 28. axb4 Ne3+ {White resigns} 0-1

[Event "ICCopen2016"]
[Site "Internet Chess Club"]
[Date "2016.06.04"]
[Round "5"]
[White "UAE2002"]
[Black "dwibs"]
[Result "1-0"]
[ICCResult "Black resigns"]
[WhiteElo "1984"]
[BlackElo "1571"]
[Opening "Queen's pawn: Torre attack"]
[ECO "A46"]
[NIC "QP.04"]
[Time "14:44:35"]
[TimeControl "180+0"]

1. d4 Nf6 2. Nf3 e6 3. Bg5 h6 4. Bh4 d6 5. Nbd2 g5 6. Bg3 Nh5 7. e4 Bg7 8.
c3 Nd7 9. Bd3 b6 10. Qe2 Bb7 11. O-O-O Nxg3 12. hxg3 Qe7 13. Nb3 O-O-O 14.
Ba6 c5 15. Bxb7+ Kxb7 16. Qb5 Ka8 17. dxc5 Nxc5 18. Nxc5 dxc5 19. e5 Qb7 20.
g4 a6 21. Qe2 b5 22. c4 b4 23. Rd6 Bf8 24. Rxd8+ Ka7 25. Rhd1 {Black
resigns} 1-0

[Event "ICCopen2016"]
[Site "Internet Chess Club"]
[Date "2016.06.04"]
[Round "5"]
[White "rookfish"]
[Black "klodshans"]
[Result "0-1"]
[ICCResult "White resigns"]
[WhiteElo "1166"]
[BlackElo "1583"]
[Opening "French: advance, Nimzovich system"]
[ECO "C02"]
[NIC "FR.03"]
[Time "14:44:11"]
[TimeControl "180+0"]

1. e4 e6 2. d4 d5 3. e5 c5 4. Nf3 Ne7 5. Ng5 Nd7 6. Nxe6 fxe6 7. Qh5+ Ng6 8.
Bd3 Qa5+ 9. c3 cxd4 10. Bxg6+ hxg6 11. Qxg6+ Kd8 12. Bg5+ Kc7 13. Qxe6 Nf6
14. Qf7+ Nd7 15. e6 dxc3 16. Nxc3 d4 17. O-O dxc3 18. bxc3 Bc5 19. exd7 Bxd7
20. Bf4+ Kc8 21. Rad1 Rd8 22. Rd5 Bg4 23. h3 Rxd5 24. Qe8+ Qd8 25. Qe4 Bf5
26. Qa4 Bd7 27. Qa5 {White resigns} 0-1